 Dungeon Crawl Stone Soup version 0.30-a0-415-g685d318daa (webtiles) character file.

Game seed: 12101794485763773907

186 Majang the Shooter (level 5, -10/33 HPs)
             Began as a Tengu Hunter on Dec 8, 2022.
             Killed by divine providence
             ... invoked by an orc priest
              (11 damage)
             ... on level 4 of the Dungeon.
             The game lasted 00:08:13 (2053 turns).

Majang the Shooter (Tengu Hunter)                   Turns: 2053, Time: 00:08:13

Health: -10/33     AC:  4    Str: 17    XL:     5   Next: 65%
Magic:  0/6        EV: 15    Int: 10    God:
Gold:   268        SH:  0    Dex: 19    Spells: 4/4 levels left

rFire   + . .      SeeInvis .    a - +1 shortbow
rCold   . . .      Faith    .    (shield currently unavailable)
rNeg    . . .      Spirit   +    c - +0 leather armour
rPois   +          Reflect  .    (helmet restricted)
rElec   .          Harm     .    n - +0 cloak of Joluo {rPois rF+ rCorr}
rCorr   +          Rampage  .    (no gloves)
Will    .....                    (boots unavailable)
Stlth   ++........               f - amulet of guardian spirit
HPRegen 0.25/turn                p - +6 ring of strength
MPRegen 0.10/turn                (no ring)

@: flying quickly and evasively, quick
A: beak, talons 3, nimble flight
a: no special abilities


You were on level 4 of the Dungeon.
You visited 1 branch of the dungeon, and saw 4 of its levels.

You collected 268 gold pieces.

Inventory:

Hand Weapons
 a - a +1 shortbow (weapon)
Armour
 c - a +0 leather armour (worn)
 n - the +0 cloak of Joluo (worn) {rPois rF+ rCorr}
   (You found it on level 3 of the Dungeon)

   rF:        It protects you from fire.
   rPois:     It protects you from poison.
   rCorr:     It protects you from acid and corrosion.
Jewellery
 f - an amulet of guardian spirit (around neck)
 p - a +6 ring of strength (left hand)
Wands
 i - a wand of roots (8)
Scrolls
 b - a scroll of immolation
 d - a scroll of teleportation {unknown}
 g - 3 scrolls of identify
 m - 2 scrolls of poison
Potions
 e - 3 potions of mutation
 j - a potion of might
 k - 3 potions of resistance
 l - a potion of lignification


   Skills:
 * Level 4.1 Fighting
 * Level 6.0 Ranged Weapons
 + Level 0.6 Armour
 + Level 2.3 Dodging
 - Level 1.0 Stealth


You had 4 spell levels left.
You didn't know any spells.
Your spell library was empty.

Dungeon Overview and Level Annotations

Branches:
Dungeon (4/15)
 Temple: D:4-7

Altars:
Ashenzari

Annotations:
D:3 3 runed translucent doors, astraldaughter's ghost, amateur NaHW


Innate Abilities, Weirdness & Mutations

You have a beak for a mouth.
You have claws for feet.
Your magical nature lets you fly swiftly and evasively.


Message History

You kill the orc!
You shoot an arrow. The arrow hits the hobgoblin!
You kill the hobgoblin!
You hear a shout!
You shoot an arrow. The arrow hits the orc.
You kill the orc!
You shoot an arrow.
The arrow completely misses the orc priest.
The orc priest mumbles some strange prayers to Beogh against you.
Pain shoots through your body!
You shoot an arrow. The arrow hits the orc priest.
The orc priest is moderately wounded.
An orc comes into view. It is wielding a +0 hand axe.
You shoot an arrow. The arrow hits the orc priest.
The orc priest is moderately wounded.
The orc priest casts a cantrip, but nothing happens.
You shoot an arrow.
The arrow hits the orc priest but does no damage.
The orc priest is moderately wounded.
The orc priest barely misses you. The orc closely misses you.
You shoot an arrow. The arrow barely misses the orc priest.
The orc priest looks encouraged for a moment.
The orc misses you.
You shoot an arrow.
The arrow closely misses the orc priest.
You hear the rusting of a distant drain.
The orc priest hits you with a +2 mace of protection!
The orc misses you.
You shoot an arrow. The arrow hits the orc priest.
The orc priest is heavily wounded.
The orc completely misses you.
The orc priest hits you with a +2 mace of protection.
The orc hits you with a +0 hand axe.
The orc priest calls down the wrath of Beogh upon you.
Pain shoots through your body!
* * * LOW HITPOINT WARNING * * *
It was a potion of cancellation.
You feel magically purged.
The orc priest calls down the wrath of Beogh upon you.
Beogh smites you!
You die...

#.#.#.#.####.# #.
#.#.#......$. ##
#.#####.#.#.##..########
#.......................
#.#####.########...#####
##.)...g.####+#
#..)##o.o. #.oo<+ o.
#.@.## +...+ #...#
...... ########


You could see an orc priest and an orc.

Vanquished Creatures
  A crimson imp (D:4)
  An orc priest (D:3)
  Terence (D:2)
  3 adders
  A white imp (D:4)
  A worm (D:3)
  4 dart slugs
  5 orcs
  4 bats
  5 endoplasms
  4 giant cockroaches
  A goblin (D:3)
  6 hobgoblins
  A quokka (D:3)
  2 ball pythons (D:1)
  5 kobolds
  6 rats
51 creatures vanquished.

Notes
Turn   | Place    | Note
-------+----------+-------------------------------------------
     0 | D:1      | Majang the Tengu Hunter began the quest for the Orb.
     0 | D:1      | Reached XP level 1. HP: 12/12 MP: 2/2
   149 | D:1      | Reached XP level 2. HP: 5/18 MP: 1/3
   524 | D:2      | Reached skill level 5 in Ranged Weapons
   524 | D:2      | Reached XP level 3. HP: 21/22 MP: 1/4
   618 | D:2      | Noticed Terence
   628 | D:2      | HP: 1/23 [Terence/+0 flail (6)]
   629 | D:2      | Killed Terence
   630 | D:2      | Reached XP level 4. HP: 2/28 MP: 0/5
  1110 | D:2      | Found a faded altar of an unknown god.
  1417 | D:3      | Found a runed translucent gate.
  1417 | D:3      | Found a runed translucent gate.
  1417 | D:3      | Found a runed translucent gate.
  1417 | D:3      | Noticed astraldaughter's ghost (amateur NaHW)
  1419 | D:3      | Identified the +0 cloak of Joluo {rPois rF+ rCorr}
  1469 | D:3      | Found a broken altar of Ashenzari.
  1729 | D:3      | Gained mutation: Your magical nature lets you fly swiftly
                  | and evasively. [Tengu growth]
  1729 | D:3      | Reached XP level 5. HP: 33/33 MP: 6/6
  2023 | D:4      | Reached skill level 6 in Ranged Weapons
  2052 | D:4      | HP: 1/33 [orc priest/nerve-wracking pain (9)]
  2053 | D:4      | Killed from afar by an orc priest

Illustrated notes

Levels and vault maps discovered:
D:1:      ncdulo_lavacross, layout_rooms, chequers_serial_rivers_room_a
D:2:      layout_basic, shapermc_ecumenical_altar_mp_vishouse, uniq_terence
D:3:      layout_basic, cheibrodos_ashenzari_chains, gammafunk_ghost_split
D:4:      layout_basic, lightli_sewer_entry_pipes, minmay_fire_ice_demons,
          uniq_ijyb

Skill      XL: |  1  2  3  4  5 |
---------------+----------------+-----
Ranged Weapons | 5 6 |  6.0
Fighting       | 3 4 |  4.1
Armour         | |  0.6
Dodging        | |  2.3
Stealth        | |  1.0

Action                   |  1- 3 |  4- 6 || total
-------------------------+-------+-------++-------
 Fire: Shortbow          |    71 |    65 ||   136
  Use: Potion            |     2 |     1 ||     3
       Scroll            |       |     8 ||     8
Armor: Leather armour    |     2 |     6 ||     8
Dodge: Dodged            |    17 |    19 ||    36

Table legend: (Time is in decaauts)
 A = Elapsed time spent in this place.
 B = Non-inter-level travel time spent in this place.
 C = Inter-level travel time spent in this place.
 D = Time resting spent in this place.
 E = Time spent auto-exploring this place.
 F = Levels seen in this place.
 G = Mean time per level.
                   A        B        C        D        E       F      G
               +--------+--------+--------+--------+--------+-----+--------+
         Total |   2068 |   2017 |     51 |    216 |   1359 |   4 |  517.0 |
       Dungeon |   2068 |   2017 |     51 |    216 |   1359 |   4 |  517.0 |
               +--------+--------+--------+--------+--------+-----+--------+

Top non-repeatable levels by time:
     D:2: 792 daAuts
     D:3: 546 daAuts
     D:1: 526 daAuts
     D:4: 203 daAuts
